 Dungeon Crawl Stone Soup version 0.29.1-1-gd02db6906a (webtiles) character file.

Game seed: 13216126216369862818

149 safid the Shooter (level 5, -8/45 HPs)
             Began as a Minotaur Hunter on Oct 6, 2022.
             Mangled by Pikel
             ... wielding a +0 whip of electrocution
              (9 damage)
             ... on level 4 of the Dungeon.
             The game lasted 00:04:27 (2169 turns).

safid the Shooter (Minotaur Hunter)                 Turns: 2169, Time: 00:04:29

Health: -8/45      AC:  3    Str: 16    XL:     5   Next: 9%
Magic:  4/4        EV: 12    Int:  6    God:
Gold:   129        SH:  0    Dex: 15    Spells: 4/4 levels left

rFire   . . .      SeeInvis .   a - +0 shortbow
rCold   + . .      Faith    .   (shield currently unavailable)
rNeg    . . .      Spirit   .   c - +0 leather armour
rPois   .          Reflect  .   (helmet restricted)
rElec   .          Harm     .   (no cloak)
rCorr   .          Rampage  .   (no gloves)
Will    .....                   (no boots)
Stlth   +.........              k - amulet of regeneration
HPRegen 0.95/turn               l - ring of protection from cold
MPRegen 0.09/turn               (no ring)

@: no status effects
A: horns 2, retaliatory headbutt
a: no special abilities


You were on level 4 of the Dungeon.
You visited 1 branch of the dungeon, and saw 4 of its levels.

You collected 129 gold pieces.

Inventory:

Hand Weapons
 a - a +0 shortbow (weapon)
Armour
 c - a +0 leather armour (worn)
Jewellery
 k - an amulet of regeneration (around neck)
 l - a ring of protection from cold (left hand)
Scrolls
 b - a scroll of immolation
 e - a scroll of butterflies {unknown}
 f - a scroll of poison {unknown}
 g - a scroll of enchant armour {unknown}
 h - 3 scrolls of identify {unknown}
 j - 2 scrolls of enchant weapon {unknown}
 m - a scroll of magic mapping {unknown}
 o - 3 scrolls of teleportation {unknown}
 p - a scroll of noise {unknown}
 r - a scroll of torment {unknown}
 s - a scroll of fear {unknown}
Potions
 d - a potion of might {unknown}
 i - 2 potions of heal wounds {unknown}
 n - 3 potions of magic {unknown}
 q - a potion of curing {unknown}


   Skills:
 - Level 3.0 Fighting
 + Level 6.9 Ranged Weapons
 - Level 2.1 Dodging
 - Level 0.7 Stealth


You had 4 spell levels left.
You didn't know any spells.
Your spell library contained the following spells:

 Spells                   Type           Power      Damage    Failure   Level
 Gell's Gravitas          Tloc           0%         N/A       88%         3
 Teleport Other           Tloc           0%         N/A       88%         3
 Dispersal                Tloc           0%         N/A       100%        6


Dungeon Overview and Level Annotations

Branches:
Dungeon (4/15)
 Temple: D:4-7

Altars:
Gozag

Annotations:
D:4 3 runed translucent doors, Pikel; hawla's ghost, novice MeWn


Innate Abilities, Weirdness & Mutations

You have a pair of horns on your head.
You reflexively headbutt those who attack you in melee.


Message History

Pikel completely misses you. Pikel closely misses you.
You shoot an arrow.
The arrow hits Pikel but does no damage.
Pikel is moderately wounded.
Pikel hits you with a +0 whip of electrocution!
You shoot an arrow.
The arrow hits Pikel but does no damage.
Pikel is moderately wounded.
Pikel hits you with a +0 whip of electrocution.
You are electrocuted!!
* * * LOW HITPOINT WARNING * * *
You are too injured to fight recklessly!
You are too injured to fight recklessly!
You are too injured to fight recklessly!
Unknown command.
Fire: a) +0 shortbow
Press: ? - help, Q - select action Shift-Dir - straight line, f/p - Pikel
Aim: Pikel, wielding a +0 whip of electrocution and wearing a +0 robe (moderately wounded, 56% to hit)
You shoot an arrow. The arrow hits Pikel.
Pikel is moderately wounded.
Pikel hits you with a +0 whip of electrocution.
* * * LOW HITPOINT WARNING * * *
Okay, then.
Okay, then.
Fire: a) +0 shortbow
Press: ? - help, Q - select action Shift-Dir - straight line, f/p - Pikel
Aim: Pikel, wielding a +0 whip of electrocution and wearing a +0 robe (moderately wounded, 56% to hit)
You shoot an arrow. The arrow closely misses Pikel.
Pikel closely misses you.
Fire: a) +0 shortbow
Press: ? - help, Q - select action Shift-Dir - straight line, f/p - Pikel
Aim: Pikel, wielding a +0 whip of electrocution and wearing a +0 robe (moderately wounded, 56% to hit)
You shoot an arrow. The arrow closely misses Pikel.
Pikel waves his whip at you.
Pikel hits you with a +0 whip of electrocution.
* * * LOW HITPOINT WARNING * * *
Pikel hits you with a +0 whip of electrocution!
* * * LOW HITPOINT WARNING * * *
You are electrocuted!
You die...

###############
#....)........#
#.###########.#
#.# #.# . #.#
#.# ....###.#
#.# ......K@#
#.# .....####
#.# ...# #.# ..
#####.# #...>.#
#.##### #####.#
#.†...# #.#####


You could see Pikel.

Vanquished Creatures
  4 lemures (D:4)
  2 iguanas (D:3)
  2 adders
  A worm (D:2)
  3 dart slugs
  An orc (D:3)
  5 ball pythons
  3 endoplasms (D:3)
  5 giant cockroaches
  11 goblins
  6 hobgoblins
  4 jackals (D:1)
  A kobold (D:1)
  5 quokkas
  6 bats
  2 frilled lizards
  3 rats
64 creatures vanquished.

Notes
Turn   | Place    | Note
-------+----------+-------------------------------------------
     0 | D:1      | safid the Minotaur Hunter began the quest for the Orb.
     0 | D:1      | Reached XP level 1. HP: 18/18 MP: 0/0
    69 | D:1      | Reached XP level 2. HP: 15/25 MP: 1/1
   490 | D:1      | Reached skill level 5 in Ranged Weapons
   830 | D:2      | Reached XP level 3. HP: 31/31 MP: 2/2
  1423 | D:3      | Reached skill level 6 in Ranged Weapons
  1423 | D:3      | Reached XP level 4. HP: 38/38 MP: 3/3
  1716 | D:3      | Reached XP level 5. HP: 45/45 MP: 4/4
  1913 | D:4      | Found a runed translucent gate.
  1914 | D:4      | Found a runed translucent gate.
  1915 | D:4      | Found a runed translucent gate.
  1915 | D:4      | Found an opulent altar of Gozag.
  1916 | D:4      | Noticed hawla's ghost (novice MeWn)
  1998 | D:4      | Noticed a lemure
  1998 | D:4      | Noticed a lemure
  1999 | D:4      | Noticed a lemure
  2000 | D:4      | Noticed Pikel
  2002 | D:4      | Noticed a lemure
  2009 | D:4      | Killed a lemure
  2077 | D:4      | Killed a lemure
  2093 | D:4      | Killed a lemure
  2107 | D:4      | Killed a lemure
  2169 | D:4      | HP: 1/45 [Pikel/+0 whip of electrocution (7)]
  2169 | D:4      | Mangled by Pikel

Illustrated notes

Levels and vault maps discovered:
D:1:      eino_arrival_water_star, layout_loops_ring
D:2:      layout_rooms
D:3:      layout_loops_cross
D:4:      minmay_wonky_spiral, layout_loops_ring, ebering_ghost_gozag,
          uniq_grinder, uniq_pikel

Skill      XL: |  1  2  3 |
---------------+----------+-----
Fighting       | 3 |  3.0
Ranged Weapons | 5 6 |  6.9
Dodging        | |  2.1
Stealth        | |  0.7

Action                   |  1- 3 |  4- 6 || total
-------------------------+-------+-------++-------
 Fire: Shortbow          |   108 |   101 ||   209
Armor: Leather armour    |    12 |    12 ||    24
Dodge: Dodged            |    33 |    41 ||    74
